 Dungeon Crawl Stone Soup version 0.28.0-45-g0d030f2227 (webtiles) character file.

Game seed: 14176801718485092664

255 NinjaNoafa the Ruffian (level 5, 0/42 HPs)
             Began as a Draconian Transmuter on Apr 15, 2022.
             Was an Initiate of Yredelemnul.
             Slain by a hobgoblin (1 damage)
             ... on level 4 of the Dungeon.
             The game lasted 00:08:33 (5346 turns).

NinjaNoafa the Ruffian (Draconian Transmuter)       Turns: 5346, Time: 00:08:34

Health: 0/42       AC:  5    Str: 13    XL:     5   Next: 91%
Magic:  9/9        EV: 12    Int: 15    God:    Yredelemnul [......]
Gold:   133        SH:  0    Dex: 11    Spells: 8/9 levels left

rFire   . . .      SeeInvis .   g - +4 dagger
rCold   . . .      Faith    .   (no shield)
rNeg    . . .      Spirit   .   (armour unavailable)
rPois   .          Reflect  .   (helmet currently unavailable)
rElec   .          Harm     .   (no cloak)
rCorr   .          Rampage  .   (no gloves)
Will    .....                   (boots currently unavailable)
Stlth   +.........              (no amulet)
HPRegen 0.14/turn               (no ring)
MPRegen 0.11/turn               (no ring)

@: brilliant, about to teleport, appendages
A: horns 2, talons 2, AC +5, unfitting armour, cold-blooded
a: End Transformation, Renounce Religion, Recall Undead Harvest


You were on level 4 of the Dungeon.
You worshipped Yredelemnul.
Yredelemnul was noncommittal.
You had temporarily grown beastly horns and talons.
You visited 1 branch of the dungeon, and saw 4 of its levels.

You collected 133 gold pieces.

Inventory:

Hand Weapons
 g - a +4 dagger (weapon)
Missiles
 b - 107 stones
 f - a throwing net
Scrolls
 a - 2 scrolls of enchant weapon
 c - 2 scrolls of identify
 d - a scroll of teleportation
 h - a scroll of noise {unknown}


   Skills:
 + Level 2.3 Fighting
 + Level 2.6 Dodging
 + Level 3.8 Unarmed Combat
 + Level 2.8 Spellcasting
 + Level 0.9 Necromancy
 + Level 3.4 Transmutations
 + Level 1.4 Poison Magic
 + Level 1.1 Invocations


You had 8 spell levels left.
You knew the following spells:

 Your Spells              Type           Power      Damage    Failure   Level
a - Beastly Appendage     Tmut           36%        N/A       4%          1

Your spell library contained the following spells:

 Spells                   Type           Power      Damage    Failure   Level
 Wereblood                Tmut           18%        N/A       8%          2
 Animate Skeleton         Necr           14%        N/A       14%         1
 Apportation              Tloc           6%         N/A       21%         1
 Summon Small Mammal      Summ           12%        N/A       21%         1
 Spider Form              Tmut/Pois      14%        N/A       22%         3
 Ice Form                 Ice/Tmut       10%        N/A       69%         4


Dungeon Overview and Level Annotations

Branches:
Dungeon (4/15)
 Temple: D:4-7

Altars:
Cheibriados
Dithmenos
Fedhas
Hepliaklqana
Vehumet
Yredelemnul


Innate Abilities, Weirdness & Mutations

You have temporarily grown beastly horns and talons.
Your plain brown scales are hard. (AC +5)
You cannot fit into any form of body armour.
You are cold-blooded and may be slowed by cold attacks.


Message History

A puff of flame appears from out of thin air!
The puff of flame hits your orc zombie!
Your orc zombie is destroyed!
The black bear barely misses you.
The black bear claws you but does no damage.
The black bear claws you. The orc closely misses you.
You hear some strange, mumbled words.
A magic dart appears from out of thin air!
The magic dart hits you!
* * * LOW HITPOINT WARNING * * *
You closely miss the black bear. You claw the black bear.
The black bear is severely wounded.
The hobgoblin hits you but does no damage.
The orc hits you with a +0 flail.
* * * LOW HITPOINT WARNING * * *
Your giant cockroach zombie bites the hobgoblin but does no damage.
The black bear closely misses you. The black bear misses you.
The black bear claws you but does no damage.
You aren't carrying any potions.
As you read the scroll labelled YRESEA GUAW, it crumbles to dust.
It is a scroll of identify.
a - 2 scrolls of enchant weapon The hobgoblin barely misses you.
The orc hits you but does no damage.
Your giant cockroach zombie barely misses the black bear.
Something hits you.
* * * LOW HITPOINT WARNING * * *
You barely miss something. You headbutt something.
Reactivating autopickup.
You feel a bit more experienced. The hobgoblin closely misses you.
The orc hits you with a +0 club.
* * * LOW HITPOINT WARNING * * *
Something hits you.
* * * LOW HITPOINT WARNING * * *
Deactivating autopickup; reactivate with Ctrl-A.
The orc barely misses you.
As you read the scroll labelled BUXINW COOCS, it crumbles to dust.
You feel strangely unstable.
It was a scroll of teleportation.
The hobgoblin hits you.
You die...
Your body rises from the dead as a mindless zombie.

.# #...#..$..# ..
.# #...#.....# ...
##
###'#.....#####...(
##
...................
.#
.........(.<.......
.#
........Z..........
##
........).Z........
###.....gZ.........
#...)@oh.........
#.....o..........
#................
#.................
#................
#..............
#..............
##############


You could see a black bear (ally target), 2 orcs, a hobgoblin, a friendly giant
cockroach zombie and 2 friendly goblin zombies.

Vanquished Creatures
  An ogre (D:4)
  Jessica (D:3)
  An orc wizard (D:4)
  3 gnolls (D:2)
  2 adders
  A worm (D:3)
  2 dart slugs
  An orc (D:4)
  5 ball pythons
  5 endoplasms
  2 giant cockroaches
  4 goblins
  4 hobgoblins (D:1)
  4 jackals (D:1)
  A quokka (D:1)
  A bat (D:2)
  4 frilled lizards
  3 kobolds
  5 rats
50 creatures vanquished.

Vanquished Creatures (collateral kills)
  An adder (D:2)
  An orc (D:4)
  A goblin (D:4)
  2 hobgoblins (D:2)
  A ball python (D:2)
  A rat (D:2)
7 creatures vanquished.

Vanquished Creatures (others)
  An adder zombie (D:4)
  A bat zombie (D:2)
  A gnoll zombie (D:2)
  4 ball python zombies
  A hobgoblin zombie (D:2)
  2 orc zombies (D:4)
10 creatures vanquished.

Grand Total: 67 creatures vanquished

Notes
Turn   | Place    | Note
-------+----------+-------------------------------------------
     0 | D:1      | NinjaNoafa the Draconian Transmuter began the quest for the
                  | Orb.
     0 | D:1      | Reached XP level 1. HP: 16/16 MP: 3/3
   258 | D:1      | Reached XP level 2. HP: 22/23 MP: 3/5
   639 | D:1      | Found a faded altar of an unknown god.
   874 | D:1      | Reached XP level 3. HP: 28/28 MP: 4/6
  1334 | D:2      | Found a basalt altar of Yredelemnul.
  1343 | D:2      | Became a worshipper of Yredelemnul the Dark
  1486 | D:2      | Reached * piety under Yredelemnul
  1620 | D:2      | Reached XP level 4. HP: 34/36 MP: 5/7
  2083 | D:3      | Noticed Jessica
  2098 | D:3      | Killed Jessica
  2099 | D:3      | Reached skill level 1 in Poison Magic
  2339 | D:3      | Found a hazy altar of Hepliaklqana.
  2339 | D:3      | Found a shadowy altar of Dithmenos.
  2341 | D:3      | Noticed a shadow
  4382 | D:3      | Found a snail-covered altar of Cheibriados.
  4382 | D:3      | Found a radiant altar of Vehumet.
  4889 | D:4      | Noticed a black bear
  5086 | D:4      | Found a blossoming altar of Fedhas.
  5102 | D:4      | Reached XP level 5. HP: 39/41 MP: 6/8
  5172 | D:4      | Noticed an ogre
  5189 | D:4      | Killed an ogre
  5190 | D:4      | Reached skill level 1 in Invocations
  5195 | D:4      | Reached ** piety under Yredelemnul
  5345 | D:4      | HP: 2/42 [orc/+0 club (4)]
  5346 | D:4      | Slain by a hobgoblin

Illustrated notes

Levels and vault maps discovered:
D:1:      erik_arrival_triangle_small, layout_basic,
          hellmonk_ecumenical_altar_run_dry, minmay_tromino_v4_c
D:2:      layout_loops_ring, basic_altar, item_on_display_a
D:3:      layout_basic, gammafunk_temple_overflow_wave,
          riverfiend_overflow_shadow_ancestor, uniq_jessica
D:4:      wander_river, layout_gridville, amcnicky_altar_gilded,
          nicolae_overflow_crystal_walls, lemuel_tele_altar

Skill      XL: |  1  2  3  4  5 |
---------------+----------------+-----
Dodging        | 2 |  2.6
Transmutations | 3 |  3.4
Fighting       | 2 |  2.3
Poison Magic   | 1 |  1.4
Invocations    | 1 |  1.1
Unarmed Combat | |  3.8
Spellcasting   | |  2.8
Necromancy     | |  0.9

Action                   |  1- 3 |  4- 6 || total
-------------------------+-------+-------++-------
Melee: Unarmed           |    69 |    12 ||    81
       Tailslap          |    10 |     2 ||    12
       Kick              |    23 |    12 ||    35
       Punch             |     2 |     1 ||     3
       Headbutt          |     3 |     4 ||     7
       Dagger            |       |    31 ||    31
 Cast: Beastly Appendage |    19 |    11 ||    30
  Use: Scroll            |       |     2 ||     2
       Potion            |       |     1 ||     1
Armor: Skin              |    16 |    26 ||    42
Dodge: Dodged            |    42 |    38 ||    80
